 Dungeon Crawl Stone Soup version 0.16.1-2-g95b8d4c (console) character file.

100 gw the Stinger (level 5, -4/30 HPs)
             Began as a Kobold Venom Mage on Mar 25, 2015.
             Slain by an orc priest
             ... wielding a +0 short sword
              (6 damage)
             ... on level 3 of the Dungeon.
             The game lasted 00:03:13 (3767 turns).

gw the Stinger (Kobold Venom Mage)                  Turns: 3767, Time: 00:03:14

Health: -4/30      AC:  3    Str:  7    XL:     5   Next: 3%
Magic:  0/10       EV: 15    Int: 14    God:
Gold:   118        SH:  0    Dex: 16    Spells: 2 memorised, 5 levels left

rFire  . . .     SeeInvis .     b - +2 dagger (elec)
rCold  . . .     Clarity  .     j - +0 leather armour
rNeg   . . .     SustAb   .     (no shield)
rPois  .         Gourm    .     (no helmet)
rElec  .         Spirit   .     (no cloak)
rCorr  .         Warding  .     (no gloves)
rMut   .         Stasis   .     (no boots)
MR     .....                    (no amulet)
Stlth  ++........               (no ring)
                                (no ring)

@: very slightly contaminated, not resistant to hostile enchantments, unstealthy
A: carnivore 3
a: no special abilities


You were on level 3 of the Dungeon.
You were very full.

You visited 1 branch of the dungeon, and saw 3 of its levels.

You collected 118 gold pieces.

Inventory:

Hand weapons
 b - a +2 dagger of electrocution (weapon)
Missiles
 f - 17 poisoned needles
 i - 70 stones (quivered)
Armour
 j - a +0 leather armour (worn)
Magical devices
 g - a wand of random effects (23)
Scrolls
 k - a scroll of teleportation
Potions
 h - a potion of agility
Books
 e - a Young Poisoner's Handbook

   Spells                             Type                      Level
   a - Sting                          Conjuration/Poison           1
   b - Cure Poison                    Poison                       2
   c - Mephitic Cloud                 Conjuration/Poison/Air       3
   d - Olgreb's Toxic Radiance        Poison                       4
   e - Venom Bolt                     Conjuration/Poison           5
Comestibles
 c - 2 meat rations
 l - a slice of pizza
 m - a royal jelly
 n - 2 chunks of flesh


   Skills:
 + Level 1.8 Fighting
 + Level 1.6 Short Blades
 + Level 3.4 Dodging
 - Level 2.6 Stealth
 * Level 2.9 Spellcasting
 + Level 4.3 Poison Magic


You had 5 spell levels left.
You knew the following spells:

 Your Spells              Type           Power        Failure   Level  Hunger
a - Sting                 Conj/Pois      #...         17%         1    #......
b - Mephitic Cloud        Conj/Pois/Air  #.......     61%         3    ###....


Dungeon Overview and Level Annotations

Branches:
Dungeon (3/15)

Altars:
Zin

Shops:
D:2 *

Annotations:
D:3 Ljcope's ghost, average DECj


Innate Abilities, Weirdness & Mutations

You are small and have problems with some larger weapons.
You are carnivorous and can eat meat at any time.


Message History

The sting hits the rat.
The rat is severely wounded.
The adder misses you.
The orc priest hits you with a short sword.
The orc hits you from afar with a trident.
The orc misses you. The orc barely misses you. The adder barely misses you.
The rat bites you.
Unknown command.
Unknown command.
Unknown command.
Unknown command.
Casting: Sting
Confirm with . or Enter, or press ? or * to list all spells.
Aiming: Sting
Press: ? - help, Shift-Dir - straight line, f/p - rat
Aim: a rat (severely wounded)
The sting hits the rat.
The rat is severely wounded.
The orc priest hits you with a short sword.
You die...

. .. .... . .....
... ......
....#####o.....
...).....So.o(...
#rKo.......
#.oooo.....
#......###
#......# #......#
#......# #......#
#...... ###


You could see 3 orc priests, an adder, 5 orcs and a rat.

Table legend:
 A = Turns spent in this place as a percentage of turns spent in the entire game.
 B = Non-inter-level travel turns spent in this place as a percentage of non-inter-level travel turns spent in the entire game.
 C = Inter-level travel turns spent in this place as a percentage of turns spent in this place.
 D = Turns resting spent in this place as a percentage of non-inter-level travel turns spent in this place.
 E = Turns spent auto-exploring this place as a percentage of non-inter-level travel turns spent in this place.
 F = Non-inter-level travel turns spent in this place divided by the number of levels of this place that you've seen.
                   A       B       C       D       E      F
               +-------+-------+-------+-------+-------+----------------------
         Total | 100.0 | 100.0 |   1.2 |   3.1 |   2.4 | 1374.7
       Dungeon | 100.0 | 100.0 |   1.2 |   3.1 |   2.4 | 1374.7
               +-------+-------+-------+-------+-------+----------------------

Table legend:
 A = Kills in this place as a percentage of kills in entire the game.
 B = Kills by you in this place as a percentage of kills by you in the entire game.
 C = Kills by friends in this place as a percentage of kills by friends in the entire game.
 D = Other kills in this place as a percentage of other kills in the entire game.
 E = Experience gained in this place as a percentage of experience gained in the entire game.
 F = Experience gained in this place divided by the number of levels of this place that you have seen.
                   A       B       C       D       E      F
               +-------+-------+-------+-------+-------+----------------------
         Total | 100.0 | 100.0 |  -nan |  -nan | 100.0 |  48.0
       Dungeon | 100.0 | 100.0 |  -nan |  -nan | 100.0 |  48.0
               +-------+-------+-------+-------+-------+----------------------

Vanquished Creatures
  2 adders
  A giant mite (D:2)
  4 worms (D:2)
  4 giant geckos
  An ooze (D:1)
  An orc (D:2)
  A ball python (D:1)
  3 bats (D:1)
  2 goblins
  5 hobgoblins
  6 kobolds
  5 giant cockroaches
  8 giant newts
  9 rats
52 creatures vanquished.

Notes
Turn   | Place    | Note
--------------------------------------------------------------
     0 | D:1      | gw, the Kobold Venom Mage, began the quest for the Orb.
     0 | D:1      | Reached XP level 1. HP: 10/10 MP: 3/3
   862 | D:1      | Reached XP level 2. HP: 16/16 MP: 1/4
  1754 | D:1      | Reached skill level 1 in Short Blades
  1754 | D:1      | Reached XP level 3. HP: 20/20 MP: 4/6
  1798 | D:1      | Learned a level 3 spell: Mephitic Cloud
  1821 | D:1      | Reached skill level 1 in Fighting
  2515 | D:2      | Reached XP level 4. HP: 25/25 MP: 0/8
  3671 | D:2      | Found Zin's Purification Station.
  3672 | D:2      | Found a glowing silver altar of Zin.
  3738 | D:3      | Reached XP level 5. HP: 28/30 MP: 5/10
  3741 | D:3      | Noticed Ljcope's ghost (average DECj)
  3767 | D:3      | Slain by an orc priest

Action                   |  1- 3 |  4- 6 || total
-------------------------+-------+-------++-------
Melee: Dagger            |    25 |    12 ||    37
Throw: Stone             |    23 |     9 ||    32
 Cast: Sting             |    78 |    55 ||   133
  Use: Potion            |     5 |       ||     5
       Scroll            |     3 |     4 ||     7
  Eat: Chunk             |    14 |     5 ||    19

Vault maps used:
D:1:      minmay_arrival_solitary_statue, serial_glass, glass_columns_a,
          glass_columns_a, amethyst_killhole
D:2:      zin_purify
D:3:      lemuel_doored_altar, first_bread
